General information
			
			
        
        - name: BNet
 
        - type: Ladder team game (AT/RT)
 
        - host: Battle.net
 
        - saver: FreshWhiteNikeZ
 
        
map: Mur'gulOasis 
        - players: 8
 
        - length: 22:03
 
        - speed: Fast
 - version: 1.22 W3XP
 - replay type:  Public
 
» download(202 KB)
Players
        team 1 (winner) 
              
              
» 
FreshWhiteNikeZ (
blue | 117 APM | 2577 actions | 22:03)
              
 8 Mountain King 
 3 Storm Bolt
 3 Bash
 1 Avatar
 1 Thunder Clap
 
                » actions 
                
                | Assign group hotkey | 115 |  | 
| Basic commands | 49 |  | 
| Build / train | 96 |  | 
| ESC pressed | 1 |  | 
| Enter build submenu | 25 |  | 
| Enter hero's abilities submenu | 9 |  | 
| Give item / drop item | 1 |  | 
| Right click | 1330 |  | 
| Select / deselect | 432 |  | 
| Select group hotkey | 395 |  | 
| Use ability | 124 |  | 
                2577 total
 » units 
                
                | Peasant | 12 |  | 
| Footman | 15 |  | 
| Spell Breaker | 10 |  | 
| Sorceress | 1 |  | 
| Priest | 1 |  | 
                39 total
 » upgrades
                
                | Defend | 1 |  | 
| Swords | 3 |  | 
| Plating | 3 |  | 
| Control Magic | 1 |  | 
| Sorceress Training | 2 |  | 
| Priest Training | 2 |  | 
| Lumber Harvesting | 1 |  | 
                13 total
 » buildings
                
                | Farm | 11 |  | 
| Altar of Kings | 1 |  | 
| Barracks | 1 |  | 
| Arcane Vault | 1 |  | 
| Keep | 3 |  | 
| Lumber Mill | 1 |  | 
| Arcane Sanctum | 3 |  | 
| Blacksmith | 1 |  | 
| Castle | 1 |  | 
| Workshop | 3 |  | 
| Town Hall | 1 |  | 
                27 total
 » build order
                00:08 Farm
00:10 Altar of Kings
00:22 Barracks
01:07 Farm
01:30 Farm
02:33 Arcane Vault
03:13 Keep
03:13 Keep
03:13 Keep
03:40 Farm
03:57 Lumber Mill
05:49 Arcane Sanctum
05:50 Arcane Sanctum
05:58 Blacksmith
06:12 Farm
08:48 Farm
12:23 Farm
12:40 Castle
15:46 Workshop
15:47 Workshop
15:49 Workshop
18:34 Farm
18:34 Farm
19:13 Town Hall
19:18 Farm
19:18 Farm
19:21 Arcane Sanctum
» items
                
                | Scroll of Regeneration | 10 |  | 
| Lesser Clarity Potion | 8 |  | 
| Scroll of Town Portal | 4 |  | 
                22 total
  
               
              
              
HaveBlue (
purple | 60 APM | 1322 actions | 22:03)
              
 5 Tauren Chieftain 
 3 Shockwave
 2 Endurance Aura
 
                » actions 
                
                | Assign group hotkey | 30 |  | 
| Basic commands | 85 |  | 
| Build / train | 52 |  | 
| ESC pressed | 2 |  | 
| Enter build submenu | 25 |  | 
| Enter hero's abilities submenu | 5 |  | 
| Remove unit from queue | 3 |  | 
| Right click | 370 |  | 
| Select / deselect | 358 |  | 
| Select group hotkey | 286 |  | 
| Use ability | 106 |  | 
                1322 total
 » units 
                
                | Peon | 11 |  | 
| Grunt | 7 |  | 
| Makrura Snapper | 1 |  | 
| Raider | 2 |  | 
| Demolisher | 2 |  | 
| Troll Batrider | 7 |  | 
                30 total
 » upgrades
                
                | Pillage | 1 |  | 
| Ensnare | 1 |  | 
| Melee Weapons | 2 |  | 
                4 total
 » buildings
                
                | Barracks | 2 |  | 
| Altar of Storms | 2 |  | 
| Orc Burrow | 11 |  | 
| Voodoo Lounge | 3 |  | 
| Stronghold | 1 |  | 
| Beastiary | 3 |  | 
| War Mill | 1 |  | 
| Watch Tower | 3 |  | 
| Fortress | 1 |  | 
                27 total
 » build order
                00:09 Barracks
00:10 Altar of Storms
00:14 Barracks
00:18 Orc Burrow
01:45 Orc Burrow
03:43 Voodoo Lounge
04:57 Orc Burrow
05:24 Stronghold
06:35 Orc Burrow
08:39 Beastiary
08:58 Beastiary
09:25 Beastiary
09:44 Orc Burrow
10:30 War Mill
10:43 Voodoo Lounge
12:17 Orc Burrow
12:22 Orc Burrow
13:07 Voodoo Lounge
15:51 Watch Tower
15:52 Watch Tower
16:05 Orc Burrow
16:11 Orc Burrow
16:18 Watch Tower
17:19 Orc Burrow
19:17 Altar of Storms
20:36 Fortress
20:39 Orc Burrow
» items
                
                | Healing Salve | 4 |  | 
| Scroll of Speed | 1 |  | 
| Scroll of Town Portal | 1 |  | 
| Potion of Healing | 1 |  | 
                7 total
  
               
              
              
» 
pepelotazo (
green | 59 APM | 1303 actions | 22:03)
              
 5 Mountain King 
 3 Storm Bolt
 2 Bash
 4 Paladin 
 2 Holy Light
 1 Divine Shield
 1 Devotion Aura
 
                » actions 
                
                | Assign group hotkey | 14 |  | 
| Basic commands | 24 |  | 
| Build / train | 71 |  | 
| Enter build submenu | 29 |  | 
| Enter hero's abilities submenu | 9 |  | 
| Give item / drop item | 3 |  | 
| Right click | 498 |  | 
| Select / deselect | 207 |  | 
| Select group hotkey | 382 |  | 
| Use ability | 66 |  | 
                1303 total
 » units 
                
                | Peasant | 9 |  | 
| Gryphon Rider | 8 |  | 
| Flying Machine | 16 |  | 
                33 total
 » upgrades
                
                | Masonry | 1 |  | 
| Lumber Harvesting | 1 |  | 
| Swords | 2 |  | 
| Storm Hammers | 1 |  | 
| Flak Cannons | 1 |  | 
                6 total
 » buildings
                
                | Altar of Kings | 1 |  | 
| Farm | 12 |  | 
| Lumber Mill | 1 |  | 
| Scout Tower | 4 |  | 
| Guard Tower | 3 |  | 
| Keep | 1 |  | 
| Arcane Tower | 1 |  | 
| Arcane Vault | 1 |  | 
| Castle | 3 |  | 
| Gryphon Aviary | 2 |  | 
| Blacksmith | 1 |  | 
| Workshop | 2 |  | 
| Town Hall | 1 |  | 
                33 total
 » build order
                00:16 Altar of Kings
00:17 Farm
00:29 Farm
00:48 Lumber Mill
01:06 Farm
01:24 Scout Tower
01:27 Scout Tower
02:08 Guard Tower
02:24 Guard Tower
02:49 Keep
02:54 Scout Tower
03:56 Arcane Tower
04:00 Farm
04:13 Arcane Vault
04:35 Scout Tower
05:11 Castle
05:11 Castle
05:13 Guard Tower
05:18 Gryphon Aviary
05:22 Gryphon Aviary
05:54 Farm
05:58 Farm
07:12 Blacksmith
09:07 Farm
10:09 Farm
12:12 Farm
12:15 Farm
14:06 Workshop
14:25 Town Hall
14:32 Workshop
14:34 Farm
14:37 Farm
» items
                
                | Staff of Teleportation | 1 |  | 
| Boots of Speed | 1 |  | 
| Lesser Clarity Potion | 2 |  | 
| Potion of Lesser Invulnerability | 1 |  | 
| Scroll of Regeneration | 3 |  | 
| Scroll of Town Portal | 4 |  | 
| Dust of Appearance | 1 |  | 
                13 total
  
               
              
              
pummeler (
pink | 38 APM | 839 actions | 22:03)
              
 5 Mountain King 
 2 Storm Bolt
 3 Bash
 4 Paladin 
 1 Holy Light
 2 Divine Shield
 1 Devotion Aura
 
                » actions 
                
                | Assign group hotkey | 32 |  | 
| Basic commands | 70 |  | 
| Build / train | 72 |  | 
| Enter build submenu | 20 |  | 
| Enter hero's abilities submenu | 9 |  | 
| Right click | 195 |  | 
| Select / deselect | 250 |  | 
| Select group hotkey | 116 |  | 
| Use ability | 74 |  | 
                839 total
 » units 
                
                | Peasant | 12 |  | 
| Footman | 10 |  | 
| Giant Sea Turtle | 1 |  | 
| Knight | 8 |  | 
| Gryphon Rider | 9 |  | 
| Dragonhawk Rider | 5 |  | 
                45 total
 » upgrades
                
                | Swords | 3 |  | 
| Plating | 1 |  | 
| Animal War Training | 1 |  | 
| Storm Hammers | 1 |  | 
| Lumber Harvesting | 1 |  | 
| Masonry | 1 |  | 
| Armor | 1 |  | 
                9 total
 » buildings
                
                | Altar of Kings | 1 |  | 
| Farm | 9 |  | 
| Barracks | 1 |  | 
| Arcane Vault | 1 |  | 
| Keep | 1 |  | 
| Blacksmith | 1 |  | 
| Lumber Mill | 2 |  | 
| Castle | 1 |  | 
| Gryphon Aviary | 2 |  | 
| Town Hall | 1 |  | 
                20 total
 » build order
                00:18 Altar of Kings
00:33 Farm
00:50 Barracks
01:12 Farm
02:15 Farm
02:23 Farm
03:25 Arcane Vault
03:27 Keep
04:07 Blacksmith
04:12 Lumber Mill
05:16 Farm
06:32 Castle
08:26 Gryphon Aviary
10:11 Farm
10:56 Farm
12:00 Farm
14:13 Town Hall
18:25 Gryphon Aviary
18:58 Farm
19:01 Lumber Mill
» items
                
                | Scroll of Regeneration | 1 |  | 
| Scroll of Protection | 1 |  | 
| Scroll of Healing | 1 |  | 
| Scroll of Town Portal | 2 |  | 
                5 total
  
               team 2 (loser) 
              
              
» 
sumtincool (
yellow | 111 APM | 2439 actions | 22:02)
              
 4 Keeper of the Grove 
 2 Entangling Roots
 2 Force of Nature
 3 Priestess of the Moon 
 2 Trueshot Aura
 1 Searing Arrows
 
                » actions 
                
                | Assign group hotkey | 106 |  | 
| Build / train | 71 |  | 
| ESC pressed | 5 |  | 
| Enter build submenu | 21 |  | 
| Enter hero's abilities submenu | 7 |  | 
| Give item / drop item | 3 |  | 
| Right click | 1230 |  | 
| Select / deselect | 426 |  | 
| Select group hotkey | 454 |  | 
| Use ability | 116 |  | 
                2439 total
 » units 
                
                | Wisp | 13 |  | 
| Archer | 17 |  | 
| Hippogryph | 17 |  | 
                47 total
 » upgrades
                
                | Improved Bows | 1 |  | 
| Marksmanship | 1 |  | 
| Hippogryph Taming | 1 |  | 
| Well Spring | 1 |  | 
                4 total
 » buildings
                
                | Ancient of War | 5 |  | 
| Altar of Elders | 1 |  | 
| Moon Well | 7 |  | 
| Tree of Ages | 1 |  | 
| Ancient of Wonders | 1 |  | 
| Hunter's Hall | 1 |  | 
| Tree of Eternity | 1 |  | 
| Ancient of Wind | 2 |  | 
                19 total
 » build order
                00:32 Ancient of War
00:43 Ancient of War
01:27 Ancient of War
01:44 Ancient of War
01:51 Altar of Elders
01:58 Moon Well
02:23 Ancient of War
03:19 Tree of Ages
03:46 Moon Well
04:42 Ancient of Wonders
05:19 Hunter's Hall
06:38 Moon Well
08:23 Tree of Eternity
09:35 Ancient of Wind
10:23 Moon Well
10:31 Ancient of Wind
14:02 Moon Well
17:13 Moon Well
18:21 Moon Well
» items
                
                | Lesser Clarity Potion | 6 |  | 
| Potion of Healing | 1 |  | 
| Scroll of Town Portal | 2 |  | 
                9 total
  
               
              
              
» 
Fordham (
teal | 87 APM | 1905 actions | 21:56)
              
 4 Death Knight 
 2 Death Coil
 2 Unholy Aura
 3 Lich 
 2 Frost Nova
 1 Frost Armor
 
                » actions 
                
                | Assign group hotkey | 107 |  | 
| Build / train | 43 |  | 
| Enter build submenu | 14 |  | 
| Enter hero's abilities submenu | 8 |  | 
| Right click | 920 |  | 
| Select / deselect | 328 |  | 
| Select group hotkey | 423 |  | 
| Use ability | 62 |  | 
                1905 total
 » units 
                
                | Acolyte | 3 |  | 
| Ghoul | 3 |  | 
| Crypt Fiend | 12 |  | 
| Frost Wyrm | 2 |  | 
                20 total
 » upgrades
                
                | Creature Attack | 2 |  | 
| Creature Carapace | 2 |  | 
| Web | 1 |  | 
| Burrow | 1 |  | 
| Freezing Breath | 1 |  | 
                7 total
 » buildings
                
                | Altar of Darkness | 1 |  | 
| Ziggurat | 7 |  | 
| Crypt | 2 |  | 
| Graveyard | 1 |  | 
| Halls of the Dead | 1 |  | 
| Black Citadel | 1 |  | 
| Sacrificial Pit | 1 |  | 
| Boneyard | 2 |  | 
                16 total
 » build order
                00:08 Altar of Darkness
00:10 Ziggurat
00:53 Crypt
01:02 Crypt
01:32 Graveyard
01:38 Ziggurat
03:35 Ziggurat
05:41 Halls of the Dead
06:02 Ziggurat
10:16 Black Citadel
11:05 Sacrificial Pit
11:10 Ziggurat
11:45 Ziggurat
12:14 Ziggurat
12:42 Boneyard
12:44 Boneyard
» items
                
                | Scroll of Town Portal | 4 |  | 
| Potion of Healing | 1 |  | 
                5 total
  
               
              
              
» 
bxc55 (
orange | 75 APM | 1642 actions | 22:00)
              
 3 Keeper of the Grove 
 1 Force of Nature
 2 Entangling Roots
 
                » actions 
                
                | Assign group hotkey | 30 |  | 
| Basic commands | 66 |  | 
| Build / train | 46 |  | 
| ESC pressed | 1 |  | 
| Enter build submenu | 22 |  | 
| Enter hero's abilities submenu | 3 |  | 
| Remove unit from queue | 2 |  | 
| Right click | 875 |  | 
| Select / deselect | 339 |  | 
| Select group hotkey | 167 |  | 
| Use ability | 91 |  | 
                1642 total
 » units 
                
                | Wisp | 15 |  | 
| Archer | 7 |  | 
| Faerie Dragon | 2 |  | 
| Druid of the Claw | 5 |  | 
                29 total
 » upgrades
                
                | Nature's Blessing | 1 |  | 
| Strength of the Wild | 1 |  | 
| Reinforced Hides | 1 |  | 
| Well Spring | 0 |  | 
| Druid of the Claw Training | 2 |  | 
| Mark of the Claw | 1 |  | 
                6 total
 » buildings
                
                | Altar of Elders | 1 |  | 
| Moon Well | 4 |  | 
| Ancient of War | 2 |  | 
| Tree of Ages | 2 |  | 
| Hunter's Hall | 2 |  | 
| Ancient of Wonders | 2 |  | 
| Tree of Eternity | 2 |  | 
| Ancient of Wind | 1 |  | 
| Ancient of Lore | 2 |  | 
| Ancient Protector | 2 |  | 
| Tree of Life | 1 |  | 
                21 total
 » build order
                00:04 Altar of Elders
00:18 Moon Well
00:47 Ancient of War
02:07 Moon Well
03:30 Tree of Ages
03:33 Moon Well
04:08 Hunter's Hall
04:12 Ancient of War
04:47 Ancient of Wonders
05:13 Tree of Ages
06:54 Hunter's Hall
08:03 Tree of Eternity
08:24 Ancient of Wind
10:07 Tree of Eternity
11:52 Moon Well
12:17 Ancient of Lore
12:49 Ancient of Lore
13:16 Ancient Protector
15:59 Ancient of Wonders
20:22 Tree of Life
21:23 Ancient Protector
» items
                 
               
              
              
» 
Duke.suxx. (
red | 53 APM | 1167 actions | 22:01)
              
 3 Death Knight 
 2 Death Coil
 1 Unholy Aura
 3 Lich 
 2 Frost Nova
 1 Frost Armor
 2 Naga Sea Witch 
 1 Frost Arrows
 1 Forked Lightning
 
                » actions 
                
                | Basic commands | 8 |  | 
| Build / train | 57 |  | 
| Enter build submenu | 11 |  | 
| Enter hero's abilities submenu | 8 |  | 
| Give item / drop item | 1 |  | 
| Right click | 688 |  | 
| Select / deselect | 343 |  | 
| Use ability | 51 |  | 
                1167 total
 » units 
                
                | Acolyte | 4 |  | 
| Ghoul | 3 |  | 
| Crypt Fiend | 15 |  | 
| Obsidian Statue | 7 |  | 
                29 total
 » upgrades
                
                | Web | 1 |  | 
| Burrow | 1 |  | 
| Creature Attack | 3 |  | 
| Destroyer Form | 1 |  | 
                6 total
 » buildings
                
                | Crypt | 1 |  | 
| Graveyard | 1 |  | 
| Ziggurat | 6 |  | 
| Altar of Darkness | 1 |  | 
| Tomb of Relics | 1 |  | 
| Halls of the Dead | 1 |  | 
| Nerubian Tower | 1 |  | 
| Spirit Tower | 1 |  | 
| Slaughterhouse | 1 |  | 
| Black Citadel | 1 |  | 
                15 total
 » build order
                00:11 Crypt
00:14 Graveyard
00:47 Ziggurat
01:05 Altar of Darkness
02:03 Ziggurat
02:15 Tomb of Relics
03:12 Halls of the Dead
04:12 Ziggurat
05:08 Nerubian Tower
05:20 Spirit Tower
06:32 Slaughterhouse
10:14 Black Citadel
10:46 Ziggurat
11:43 Ziggurat
14:18 Ziggurat
» items
                
                | Rod of Necromancy | 1 |  | 
| Scroll of Town Portal | 2 |  | 
| Orb of Corruption | 1 |  | 
                4 total
  
                Chat log
          (00:07 / Allies) pepelotazo: tech
(00:19 / All) FreshWhiteNikeZ: i refuse to live this life
(00:35 / Allies) HaveBlue: harass with me pink?
(00:40 / All) FreshWhiteNikeZ: ROFLPINK
(00:40 / Allies) pummeler: sure
(00:51 / All) FreshWhiteNikeZ: i am a 4v4RT fucking professional
(00:52 / All) FreshWhiteNikeZ: kk got it?
(00:53 / All) FreshWhiteNikeZ: goood.
(01:04 / All) Fordham: newb yellow
(01:13 / All) FreshWhiteNikeZ: shut the fuck up
(01:18 / All) FreshWhiteNikeZ: dont EVER TALK TO A 4V4RT PROFESISONAL
(01:20 / All) FreshWhiteNikeZ: ever
(01:26 / All) FreshWhiteNikeZ: you might embarass them
(01:34 / Allies) HaveBlue: need lumber pls
(01:47 / All) FreshWhiteNikeZ: ROFL HE NEEDS LUMBER
(01:56 / All) Fordham: hes a newb fuck
(02:28 / All) FreshWhiteNikeZ: nice tc bud
(02:54 / All) Fordham: newb fuck yellow
(03:22 / All) HaveBlue: jesus
(03:51 / All) HaveBlue: this game is pathetic in more ways than one
(03:57 / All) bxc55: Not much we could do.
(04:03 / All) FreshWhiteNikeZ: SUP
(04:09 / All) FreshWhiteNikeZ: ??
(04:10 / All) FreshWhiteNikeZ: SUP??
(04:16 / All) HaveBlue: green doesn't even have a hero or units. we're even
(04:23 / Allies) pepelotazo: dont worry we ll we win
(04:43 / Allies) HaveBlue: oh rly?
(04:47 / Allies) HaveBlue: how about they hitting me again
(05:00 / Allies) pepelotazo: make towers
(05:05 / Allies) HaveBlue: like you?
(05:08 / Allies) HaveBlue: no how about units
(07:25 / Allies) pepelotazo: b
(07:25 / Allies) pepelotazo: b
(08:15 / Allies) pummeler: b
(09:33 / Allies) HaveBlue: go
(11:16 / Allies) HaveBlue: back
(11:18 / Allies) HaveBlue: mass up pls
(13:12 / Allies) HaveBlue: go
(13:48 / All) HaveBlue: GOD I LOVE BEING ON THE END
(14:12 / Allies) pepelotazo: they have hipos
(16:00 / Allies) pepelotazo: making copters
(16:35 / Allies) pepelotazo: gold plz
(16:58 / Allies) pepelotazo: b
(17:01 / Allies) pepelotazo: blue b
(17:14 / Allies) pummeler: omw blue
(18:10 / Allies) pummeler: green go purp